AoeStats
← Kenguan

Golden Pit

509460379Analyzed
1v1 RM · 6d ago on Sep 26, 2026· 21m 30s· 2 players
Game mode
Random Map
Map size
Tiny (2 player)
Population
200
Speed
Normal
Resources
Standard
Victory
Conquest
Starting age
Dark Age
Ending age
Imperial Age
RankedLock teamsTeams togetherTeam positionsShared explorationLock speedFull tech treeHidden civsTurbo modeCheats
Victory
Defeat
🇬🇧 Inca · United Kingdom
1316
+14
🇧🇪 Teutons · Belgium
1267
-14
Kenguan
3:18 Loom
10:29 Feudal Age
12:24 Man-at-Arms
15:16 Horse Collar
16:17 Double-Bit Axe
17:01 Gold Mining
18:48 Wheelbarrow
23:15 Castle Age
Hemingway
6:22 Loom
8:52 Feudal Age
8:54 Champi Runner
9:27 Double-Bit Axe
12:47 Arson
14:45 Scale Mail Armor
16:25 Forging
17:38 Wheelbarrow
Connection lost

Rejoining the realm…

Still unreachable

The connection could not be restored.

Session expired

The server has moved on; the page needs a fresh start.